 Dungeon Crawl Stone Soup version 0.31.0-4-g52a2dc7128 (webtiles) character file.

Game seed: 11940735561666944137

93 Zeia the Magician (level 4, -12/34 HPs)
             Began as a Djinni Hedge Wizard on Jan 22, 2024.
             Killed by divine providence
             ... invoked by an orc priest
              (16 damage)
             ... on level 2 of the Dungeon on Jan 23, 2024.
             The game lasted 00:07:58 (1961 turns).

Zeia the Magician (Djinni Hedge Wizard)             Turns: 1961, Time: 00:07:58

Health: -12/34     AC:  2    Str:  9    XL:     4   Next: 91%
Gold:   102        EV: 12    Int: 18    God:
                   SH:  0    Dex: 12

rFire   + + .        a - +0 dagger
rCold   x . .        (no shield)
rNeg    . . .        b - +0 robe
rPois   ∞            c - +0 hat
rElec   .            (no cloak)
rCorr   .            (no gloves)
SInv    .            (boots unavailable)
Will    .....        (no amulet)
Stlth   ++           (no ring)
HPRegen 0.25/turn    (no ring)
MPRegen 0.00/turn

%: infuse magic (-13 HP)
@: flying
A: sickness immunity, fire resistance 2, cold vulnerability 1, float, innate
caster, HP casting, extra vitality 1
a: no special abilities


You were on level 2 of the Dungeon.
You visited 1 branch of the dungeon, and saw 3 of its levels.

You collected 102 gold pieces.

Inventory:

Hand Weapons
 a - a +0 dagger (weapon)
 k - a +2 whip of pain
 p - the +10 falchion of Qazxes {antimagic, rF+ rN+ Int+3 Stlth-}
   (You found it on level 2 of the Dungeon)

   Int+3:     It affects your intelligence (+3).
   rF+:       It protects you from fire.
   rN+:       It protects you from negative energy.
   Stlth-:    It makes you less stealthy.
Armour
 b - a +0 robe (worn)
 c - a +0 hat (worn)
 q - a +0 helmet
Wands
 o - a wand of acid (10)
Scrolls
 e - a scroll of silence {unknown}
 f - a scroll of fog {unknown}
 h - 2 scrolls of poison {unknown}
 l - a scroll of immolation {unknown}
 n - 2 scrolls of identify {unknown}
Potions
 d - 3 potions of curing {unknown}
 g - a potion of mutation {unknown}
 i - a potion of brilliance {unknown}
 j - 2 potions of heal wounds {unknown}
 m - a potion of magic {unknown}
 r - a potion of attraction {unknown}


   Skills:
 + Level 2.8 Fighting
 - Level 2.1 Dodging
 - Level 1.5 Stealth
 + Level 3.8 Spellcasting
 + Level 3.8 Conjurations
 + Level 3.8 Hexes
 + Level 3.8 Summonings
 + Level 3.8 Necromancy
 + Level 3.8 Translocations
 + Level 3.8 Fire Magic
 + Level 3.8 Ice Magic
 + Level 3.8 Air Magic
 + Level 3.8 Earth Magic
 + Level 3.8 Alchemy


You knew the following spells:

 Your Spells              Type           Power      Damage    Failure   Level
a - Magic Dart            Conj           68%        1d6       3%          1
b - Slow                  Hex            68%        N/A       3%          1
c - Blink                 Tloc           34%        N/A       4%          2
d - Call Imp              Summ           34%        N/A       4%          2
e - Mephitic Cloud        Conj/Alch/Air  17%        N/A       10%         3
f - Apportation           Tloc           34%        N/A       3%          1
Your spell library was empty.

Dungeon Overview and Level Annotations

Branches:
Dungeon (3/15)

Altars:


Innate Abilities, Weirdness & Mutations

You are immune to sickness and miasma.
You are immune to poison.
Your flesh is very heat resistant. (rF++)
You are vulnerable to cold. (rC-)
You float through the air rather than walking.
You learn spells naturally, not from books.
Your magical power is your life essence.
You have superior vitality. (+4 MHP)


Message History

Press: ? - help, Shift-Dir - straight line, f/p - orc wizard
Aim: an orc wizard, wielding a +0 dagger and wearing a +0 robe (severely wounded, 100% to hit)
The magic dart hits the orc wizard.
The orc wizard is almost dead.
The orc wizard hits you with a +0 dagger.
Casting: Magic Dart (safe; 3% risk of failure)
Confirm with . or Enter, or press ? or * to list all spells.
Aiming: Magic Dart (safe; 3% risk of failure)
Press: ? - help, Shift-Dir - straight line, f/p - orc wizard
Aim: an orc wizard, wielding a +0 dagger and wearing a +0 robe (almost dead, 100% to hit)
The magic dart hits the orc wizard.
You kill the orc wizard!
The orc priest calls down the wrath of Beogh upon you.
Pain shoots through your body!
Casting: Magic Dart (safe; 3% risk of failure)
Confirm with . or Enter, or press ? or * to list all spells.
Aiming: Magic Dart (safe; 3% risk of failure)
Press: ? - help, Shift-Dir - straight line, f - orc priest
Aim: an orc priest, wielding a +0 dagger (100% to hit)
The magic dart hits the orc priest but does no damage.
The orc priest hits you with a +0 dagger.
You hit the orc priest. You punch the orc priest.
The orc priest is moderately wounded.
The orc priest calls down the wrath of Beogh upon you.
Beogh smites you!
* * * LOW HITPOINT WARNING * * *
There is a stone staircase leading up here.
The orc priest hits you with a +0 dagger.
* * * LOW HITPOINT WARNING * * *
You fly upwards.
There is a stone staircase leading down here.
Okay, then.
Casting: Magic Dart (safe; 3% risk of failure)
Confirm with . or Enter, or press ? or * to list all spells.
You blink.
* * * LOW HITPOINT WARNING * * *
You feel ready to blink again.
The orc priest invokes the aid of Beogh against you.
Beogh smites you!
You die...

.#####.#..##..#.### ##.######...
.#####.#..##......# #..# ##.#
..........##..#>#.####.## #.#
######.#.###...[......)########.#
.........# #..#.#.#####.........#
########## #o...........#######.#
#.##################.#
#o###########......<.#
#....@.......[########
###############


You could see an orc priest.

Vanquished Creatures
  An orc wizard (D:3)
  A ribbon worm (D:2)
  3 dart slugs (D:2)
  2 orcs
  4 ball pythons
  5 bats
  5 endoplasms
  2 giant cockroaches
  7 goblins
  6 hobgoblins
  2 jackals (D:2)
  2 quokkas
  7 frilled lizards
  3 kobolds (D:1)
  4 rats
54 creatures vanquished.

Notes
Turn   | Place    | Note
-------+----------+-------------------------------------------
     0 | D:1      | Zeia the Djinni Hedge Wizard began the quest for the Orb.
     0 | D:1      | Zeia set off with the following spells memorised: Magic
                  | Dart, Slow, Blink, Call Imp, Mephitic Cloud.
     0 | D:1      | Reached XP level 1. HP: 15/15 MP: 0/0
   167 | D:1      | Reached XP level 2. HP: 22/22 MP: 0/0
   184 | D:1      | Reached skill level 1 in Fighting
   189 | D:1      | HP: 1/22 [goblin/+0 dagger (1)]
   402 | D:1      | HP: 1/22 [kobold/stone (1)]
   403 | D:1      | You are sucked into a shaft and drop 1 floor!
   534 | D:1      | Reached XP level 3. HP: 18/27 MP: 0/0
   534 | D:1      | Learned a level 1 spell: Apportation
  1177 | D:2      | Reached XP level 4. HP: 30/33 MP: 0/0
  1223 | D:2      | Identified the +10 falchion of Qazxes {antimagic, rF+ rN+
                  | Int+3 Stlth-}
  1961 | D:2      | Killed from afar by an orc priest

Illustrated notes

Levels and vault maps discovered:
D:1:      matt_arrival_los_fun, layout_rooms, minmay_heptomino_w4
D:2:      layout_loops_ring, minmay_misc_feat_cross
D:3:      layout_rooms, shapermc_ecumenical_altar_mp_urbaneastern,
          ebering_ghost_inner_flame, corexii_leaking_fountain, uniq_grinder

Skill      XL: |  1  2  3 |
---------------+----------+-----
Fighting       | 1 2 |  2.8
Dodging        | |  2.1
Stealth        | |  1.5
Spellcasting   | |  3.8
Conjurations   | |  3.8
Hexes          | |  3.8
Summonings     | |  3.8
Necromancy     | |  3.8
Translocations | |  3.8
Fire Magic     | |  3.8
Ice Magic      | |  3.8
Air Magic      | |  3.8
Earth Magic    | |  3.8
Alchemy        | |  3.8

Action                     |  1- 3 |  4- 6 || total
---------------------------+-------+-------++-------
  Melee: Dagger            |    78 |    11 ||    89
         Punch             |       |     1 ||     1
   Cast: Magic Dart        |    67 |    43 ||   110
         Blink             |     4 |     1 ||     5
   Stab: Sleeping          |     2 |       ||     2
 Armour: Robe              |    72 |    18 ||    90
  Dodge: Dodged            |    79 |    15 ||    94
